 Dungeon Crawl Stone Soup version 0.28-a0-620-g539b0f7ac7 (webtiles) character file.

Game seed: 13355861974487882729

47 siradein the Insei (level 3, -2/18 HPs)
             Began as a Vine Stalker Transmuter on Oct 7, 2021.
             Slain by a worm (8 damage)
             ... on level 2 of the Dungeon.
             The game lasted 00:02:21 (1410 turns).

siradein the Insei (Vine Stalker Transmuter)        Turns: 1410, Time: 00:02:22

Health: -2/18      AC:  2    Str: 12    XL:     3   Next: 70%
Magic:  0/7        EV: 12    Int: 14    God:
Gold:   46         SH:  0    Dex: 14    Spells: 4/7 levels left

rFire   + . .      SeeInvis .   b - +2 dagger (freeze)
rCold   . . .      Faith    .   (no shield)
rNeg    . . .      Spirit   +   a - +0 robe
rPois   .          Reflect  .   (helmet currently unavailable)
rElec   .          Harm     .   (no cloak)
rCorr   .          Rampage  .   (no gloves)
Will    .....                   (boots currently unavailable)
Stlth   +.........              (no amulet)
HPRegen 0.06/turn               f - ring of protection from fire
MPRegen 0.10/turn               (no ring)

@: appendages
A: horns 2, talons 2, fangs 2, magic shield, antimagic bite, no potion heal 2
a: End Transformation


You were on level 2 of the Dungeon.
You had temporarily grown beastly horns and talons.
You visited 1 branch of the dungeon, and saw 2 of its levels.

You collected 46 gold pieces.

Inventory:

Hand Weapons
 b - a +2 dagger of freezing (weapon)
Armour
 a - a +0 robe (worn)
Jewellery
 f - a ring of protection from fire (left hand)
Scrolls
 d - a scroll of enchant armour {unknown}
Potions
 c - 3 potions of curing {unknown}
 e - a potion of haste {unknown}


   Skills:
 + Level 1.5 Fighting
 + Level 2.0 Dodging
 + Level 3.4 Unarmed Combat
 + Level 2.6 Spellcasting
 + Level 2.4 Transmutations


You had 4 spell levels left.
You knew the following spells:

 Your Spells              Type           Power      Damage    Failure   Level
a - Beastly Appendage     Tmut           16%        N/A       9%          1
b - Wereblood             Tmut           8%         N/A       12%         2

Your spell library contained the following spells:

 Spells                   Type           Power      Damage    Failure   Level
 Passwall                 Tmut/Erth      4%         N/A       21%         2
 Sandblast                Erth           2%         2d4       22%         1
 Spider Form              Tmut/Pois      2%         N/A       38%         3
 Stone Arrow              Conj/Erth      2%         3d7       56%         3
 Swiftness                Air            1%         N/A       56%         3
 Ice Form                 Ice/Tmut       5%         N/A       80%         4
 Invisibility             Hex            0%         N/A       100%        6


Dungeon Overview and Level Annotations

Branches:
Dungeon (2/15)

Altars:


Innate Abilities, Weirdness & Mutations

You have temporarily grown beastly horns and talons.
You have extremely sharp teeth.
When hurt, damage is shared between your health and your magic reserves.
Your bite disrupts and absorbs the magic of your enemies.
Potions cannot restore your health.


Message History

A bat comes into view.
A bat is nearby!
A bat is nearby!
A bat is nearby!
A bat is nearby!
A bat is nearby!
Casting: Beastly Appendage (safe; 9% risk of failure)
Press: ? - help, Q - select action, (/) - cycle Dir - look around, f - activate You grow a pair of large bovine horns.
Your feet morph into talons.
The bat hits you but does no damage. x2
You barely miss the bat. Your kick misses the bat. The bat barely misses you.
The bat closely misses you.
You hit the bat but do no damage. Your headbutt misses the bat.
Your bite misses the bat. The bat closely misses you.
The bat hits you but does no damage.
A worm comes into view.
The bat hits you but does no damage.
Your transformation is almost over.
The bat hits you but does no damage.
You hit the bat. You freeze the bat.
You kill the bat!
You hit the worm. You freeze the worm. You claw the worm!
Your bite misses the worm.
The worm is heavily wounded.
The worm bites you!
You hit the worm. You freeze the worm. You bite the worm. You drain its power.
You feel invigorated.
The worm is severely wounded.
You barely miss the worm. You claw the worm.
The worm is almost dead.
The worm bites you!
* * * LOW HITPOINT WARNING * * *
You are too injured to fight recklessly!
You are too injured to fight recklessly!
Your horns disappear.
Your talons disappear.
Casting: Beastly Appendage (safe; 9% risk of failure)
Press: ? - help, Q - select action, (/) - cycle Dir - look around, f - activate You grow a pair of large bovine horns.
Your feet morph into talons.
The worm bites you!
You die...

#.#####..#...###########......##
#.)...##.......## ##..#####
#####.###.####... #..#####
#.†.......# .### #.......
#.........# ..# ####.....##
#.........# #.##.......####
#.........# #..#.##.#### #
#.........####.....#.# #
#########..@w....#...# #
#.###........# .. ...#
#....#.....# ### #####
#......#.... #....### ### #....#
#....# ######


You could see a worm.

Vanquished Creatures
  2 adders (D:2)
  A dart slug (D:1)
  A ball python (D:1)
  4 bats
  3 endoplasms
  4 hobgoblins
  3 jackals (D:1)
  A frilled lizard (D:2)
  2 goblins
  2 kobolds (D:2)
  3 rats
26 creatures vanquished.

Notes
Turn   | Place    | Note
-------+----------+-------------------------------------------
     0 | D:1      | siradein the Vine Stalker Transmuter began the quest for
                  | the Orb.
     0 | D:1      | Reached XP level 1. HP: 9/9 MP: 4/4
    65 | D:1      | Reached skill level 1 in Fighting
   213 | D:1      | Reached XP level 2. HP: 14/14 MP: 4/6
   292 | D:1      | Found a faded altar of an unknown god.
   909 | D:1      | Learned a level 2 spell: Wereblood
  1025 | D:2      | Reached XP level 3. HP: 18/18 MP: 5/7
  1410 | D:2      | Slain by a worm

Illustrated notes

Levels and vault maps discovered:
D:1:      ebering_trefoil_3fold, layout_basic,
          hellmonk_ecumenical_altar_run_dry, serial_park_tiny_1
D:2:      layout_rooms

Skill      XL: |  1  2  3 |
---------------+----------+-----
Fighting       | 1 |  1.5
Dodging        | 2 |  2.0
Unarmed Combat | |  3.4
Spellcasting   | |  2.6
Transmutations | |  2.4

Action                   || total
-------------------------++-------
Melee: Unarmed           ||    12
       Kick              ||     9
       Headbutt          ||     7
       Pseudopods        ||     5
       Dagger            ||    41
 Cast: Beastly Appendage ||    18
       Wereblood         ||     1
Armor: Robe              ||    13
Dodge: Dodged            ||    32

Table legend: (Time is in decaauts)
 A = Elapsed time spent in this place.
 B = Non-inter-level travel time spent in this place.
 C = Inter-level travel time spent in this place.
 D = Time resting spent in this place.
 E = Time spent auto-exploring this place.
 F = Levels seen in this place.
 G = Mean time per level.
                   A        B        C        D        E       F      G
               +--------+--------+--------+--------+--------+-----+--------+
         Total |   1409 |   1386 |     23 |      0 |   1192 |   2 |  704.5 |
       Dungeon |   1409 |   1386 |     23 |      0 |   1192 |   2 |  704.5 |
               +--------+--------+--------+--------+--------+-----+--------+

Top non-repeatable levels by time:
     D:1: 905 daAuts
     D:2: 503 daAuts
